 Dungeon Crawl Stone Soup version 0.30.1-4-g462c640d31 (webtiles) character file.

Game seed: 15206954594029027722

36 Janerl the Cudgeller (level 3, 0/49 HPs)
             Began as an Armataur Berserker on Aug 26, 2023.
             Was a Follower of Trog.
             Slain by a goblin
             ... wielding a +0 club
             ... led by Robin
              (5 damage)
             ... on level 2 of the Dungeon.
             The game lasted 00:02:55 (1252 turns).

Janerl the Cudgeller (Armataur Berserker)           Turns: 1252, Time: 00:02:56

Health: 0/49       AC:  4    Str: 22    XL:     3   Next: 19%
Magic:  3/3        EV:  9    Int:  7    God:    Trog [*.....]
Gold:   32         SH:  0    Dex: 11    Spells: 2/2 levels left

rFire   . . .        a - +0 mace
rCold   . . .        (no shield)
rNeg    . . .        b - +0 animal skin
rPois   .            (no helmet)
rElec   .            (no cloak)
rCorr   .            (no gloves)
SInv    .            (no barding)
Will    .....        (no amulet) Stlth
                     (no ring)
HPRegen 0.28/turn    (no ring)
MPRegen 0.08/turn

%: roll
@: berserking, lethally poisoned (0 -> -6), very quick
A: large, rugged brown scales 3, deformed body, armoured tail, roll, long
tongue, awkward tongue
a: Renounce Religion, Berserk


You were on level 2 of the Dungeon.
You worshipped Trog.
Trog was aware of your devotion.
You visited 1 branch of the dungeon, and saw 2 of its levels.

You collected 32 gold pieces.

Inventory:

Hand Weapons
 a - a +0 mace (weapon)
Missiles
 d - 5 boomerangs (quivered)
Armour
 b - a +0 animal skin (worn)
Scrolls
 f - a scroll of teleportation {unknown}
Potions
 c - a potion of lignification {unknown}
 e - a potion of flight {unknown}
 g - 2 potions of curing {unknown}
 h - a potion of might {unknown}
 i - 2 potions of invisibility {unknown}


   Skills:
 + Level 3.0 Fighting
 + Level 3.4 Maces & Flails
 + Level 2.5 Armour
 + Level 1.6 Dodging


You had 2 spell levels left.
You didn't know any spells.
Your spell library was empty.

Dungeon Overview and Level Annotations

Branches:
Dungeon (2/15)

Altars:
Kikubaaqudgha


Innate Abilities, Weirdness & Mutations

You are completely covered in rugged brown scales. (AC +3, +7% HP)
Armour fits poorly on your strangely shaped body.
You have a long armoured tail.
You roll when moving toward enemies. (Rampage)
Your long tongue fully drains potion bottles. (2x potion effects)
Your tongue gives you trouble enunciating. (1.5x scroll delay)


Message History

The goblin hits you with a +0 club. x2; The goblin hits you but does no damage.
You hit the goblin.
You kill the goblin!
Trog accepts your kill.
You roll towards the goblin!
You barely miss the goblin. Robin throws the goblin at you!
The goblin hits you with a +0 club. The goblin misses you.
The goblin hits you with a +0 club. The goblin barely misses you.
The goblin closely misses you.
You sock the goblin!
You kill the goblin!
Trog accepts your kill. The goblin hits you with a +0 dagger.
The goblin hits you but does no damage. The goblin hits you with a +0 club.
The goblin barely misses you. The goblin hits you but does no damage.
Robin hits you with a +0 whip. The goblin hits you with a +0 club.
* * * LOW HITPOINT WARNING * * *
The kobold throws a stone.
The stone barely misses you.
The stone barely misses the goblin.
The goblin hits you with a +0 club.
* * * LOW HITPOINT WARNING * * *
You see here a +0 club.
You thump Robin!
Robin is heavily wounded.
The goblin hits you but does no damage. The goblin closely misses you.
The goblin completely misses you.
You sock Robin!
You kill Robin!
Trog accepts your kill.
You have reached level 3!
Your experience leads to an increase in your attributes!
Increase (S)trength, (I)ntelligence, or (D)exterity?
You feel agile. x2
The goblin unwields a +0 club.
The goblin wields a +0 sling.
The goblin shoots a sling bullet.
The sling bullet hits you.
* * * LOW HITPOINT WARNING * * *
The goblin closely misses you.
The kobold hits you with a +2 dagger of venom.
* * * LOW HITPOINT WARNING * * *
You are lethally poisoned!
The goblin hits you with a +0 club.
You die...

.. # .###
.##....
###...... #Sg.
..# ###g###..#
#.gg)gK..####
#..#g.@.......
#.##g#g.......
...#.<#.....$..
...
#.##........
..... #.
#........ ._..
#. #........
.... #.
#........ #.
#........ #.


You could see 7 goblins, a ball python and a kobold.

Vanquished Creatures
  Robin (D:2)
  A dart slug (D:1)
  3 ball pythons (D:1)
  3 bats (D:1)
  4 endoplasms (D:1)
  5 goblins
  A frilled lizard (D:1)
  4 kobolds (D:1)
  A rat (D:1)
23 creatures vanquished.

Notes
Turn   | Place    | Note
-------+----------+-------------------------------------------
     0 | D:1      | Janerl the Armataur Berserker began the quest for the Orb.
     0 | D:1      | Reached XP level 1. HP: 19/19 MP: 1/1
   285 | D:1      | Reached XP level 2. HP: 13/26 MP: 2/2
   806 | D:1      | Found a faded altar of an unknown god.
  1243 | D:2      | Noticed Robin
  1244 | D:2      | Found an ancient bone altar of Kikubaaqudgha.
  1251 | D:2      | Killed Robin
  1252 | D:2      | Reached XP level 3. HP: 9/33 MP: 3/3
  1252 | D:2      | Slain by a goblin

Illustrated notes

Levels and vault maps discovered:
D:1:      nagdon_arrival_double_spiral, layout_basic,
          shapermc_ecumenical_altar_mp_vishouse
D:2:      layout_rooms, basic_altar, small_statue_intersection,
          hangedman_abyss_or_decor_lesser_grid, hex_intersection, uniq_natasha,
          uniq_sigmund, uniq_robin

Skill      XL: |  1  2 |
---------------+-------+-----
Maces & Flails | 3 |  3.4
Fighting       | 3 |  3.0
Armour         | |  2.5
Dodging        | |  1.6

Action                     || total
---------------------------++-------
  Melee: Mace              ||    70
         Tailslap          ||     4
 Invoke: Berserk           ||     1
 Armour: Animal skin       ||    43
  Dodge: Dodged            ||    54
